 Dungeon Crawl Stone Soup version 0.20-a0-540-ge6d1839 (webtiles) character file.

96 HEYYEYAAE the Cudgeler (level 4, 0/44 HPs)
             Began as a Troll Berserker on Jan 30, 2017.
             Was a Believer of Trog.
             Slain by an orc priest
             ... wielding a +0 club
              (5 damage)
             ... on level 4 of the Dungeon.
             The game lasted 00:01:54 (1845 turns).

HEYYEYAAE the Cudgeler (Troll Berserker)            Turns: 1845, Time: 00:01:55

Health: 0/44       AC:  5    Str: 31    XL:     4   Next: 41%
Magic:  3/3        EV: 10    Int:  3    God:    Trog [**....]
Gold:   234        SH:  0    Dex:  9    Spells: 3/3 levels left

rFire    . . .     SeeInvis .   a - +0 mace
rCold    . . .     Gourm    +   b - +0 animal skin
rNeg     . . .     Faith    .   (no shield)
rPois    .         Spirit   .   (helmet restricted)
rElec    .         Reflect  .   (no cloak)
rCorr    .         Harm     .   (gloves unavailable)
MR       .....                  (boots unavailable)
Stlth    +.........             (no amulet)
Regen    0.6/turn               (no ring)
                                (no ring)

@: mighty, lethally poisoned (0 -> -9)
A: unfitting armour, claws 3, fast metabolism 3, gourmand, regeneration 1,
shaggy fur 1, tough skin 2
a: Berserk, Trog's Hand, Burn Spellbooks, Renounce Religion


You were on level 4 of the Dungeon.
You worshipped Trog.
Trog was pleased with you.
You were very full.

You visited 1 branch of the dungeon, and saw 4 of its levels.

You collected 234 gold pieces.

Inventory:

Hand Weapons
 a - a +0 mace (weapon)
Armour
 b - a +0 animal skin (worn)
Wands
 r - a wand of iceblast (6/15)
Scrolls
 d - 3 scrolls of enchant weapon {unknown}
 e - 5 scrolls of identify {unknown}
 f - 4 scrolls of remove curse {unknown}
 h - 2 scrolls of amnesia {unknown}
 j - a scroll of immolation {unknown}
 o - 3 scrolls of teleportation {unknown}
Potions
 i - a potion of might
 k - a potion of flight {unknown}
 l - a potion of berserk rage {unknown}
 n - a potion of brilliance {unknown}
 q - a potion of haste {unknown}
 s - a potion of degeneration {unknown}
Books
 p - a book of Maledictions

   Spells                             Type                      Level
   a - Corona                         Hexes                        1
   b - Ensorcelled Hibernation        Hexes/Ice                    2
   c - Confuse                        Hexes                        3
   d - Tukima's Dance                 Hexes                        3
   e - Dazzling Spray                 Conjuration/Hexes            3
   Trog disapproves of the use of such an item.
Comestibles
 c - 4 bread rations
 g - 2 meat rations
 m - 5 fruits
 t - a chunk of flesh


   Skills:
 - Level 2.4 Fighting
 * Level 4.7 Maces & Flails
 - Level 2.4 Dodging


You had 3 spell levels left.
You didn't know any spells.

Dungeon Overview and Level Annotations

Branches:
Dungeon (4/15)
 Temple: D:4-7

Altars:
Dithmenos
Fedhas
Vehumet


Innate Abilities, Weirdness & Mutations

You are too large for most types of armour.
You have claws for hands.
Your metabolism is lightning-fast.
You like to eat raw meat.
Your natural rate of healing is unusually fast.
You are covered in fur. (AC +1)
You have very tough skin. (AC +2)


Message History

You are too injured to fight recklessly!
You are too injured to fight recklessly!
You are too injured to fight recklessly!
You are too injured to fight recklessly!
You are too injured to fight recklessly!
You are too injured to fight recklessly!
You are too injured to fight recklessly!
You are too injured to fight recklessly!
You are too injured to fight recklessly!
You are too injured to fight recklessly!
You are too injured to fight recklessly!
You are too injured to fight recklessly!
You are too injured to fight recklessly!
Unknown command.
It was a potion of might.
You feel very mighty all of a sudden.
* * * LOW HITPOINT WARNING * * *
You feel sick. The scorpion barely misses you.
The orc priest hits you with a club.
You die...

###########
#.........#
#.........#
#.........#
#....##...# ###
#....##...##.o..o
#...(.#..@o.o....
#....##...s...##.
#....##.......#
#..).######$..#
#..<.##._.#...#
#....##...##>.#
#....##...##..##
#.....##'##....
#.........#...#


You could see a scorpion, an orc priest, an orc wizard and 2 orcs.

Vanquished Creatures
  An iguana (D:4)
  An adder (D:4)
  A shadow imp (D:4)
  2 dart slugs (D:3)
  3 leopard geckos
  A ball python (D:4)
  7 bats
  4 giant cockroaches
  5 goblins
  5 hobgoblins
  4 jackals (D:2)
  4 frilled lizards
  A jackal skeleton (D:4)
  2 kobolds (D:1)
  4 rats
45 creatures vanquished.

Notes
Turn   | Place    | Note
-------+----------+-------------------------------------------
     0 | D:1      | HEYYEYAAE the Troll Berserker began the quest for the Orb.
     0 | D:1      | Reached XP level 1. HP: 22/22 MP: 0/0
    96 | D:1      | Reached skill level 3 in Maces & Flails
   187 | D:1      | Reached XP level 2. HP: 29/29 MP: 1/1
   760 | D:2      | Reached ** piety under Trog
   760 | D:2      | Reached XP level 3. HP: 36/36 MP: 2/2
  1056 | D:3      | Found a blossoming altar of Fedhas.
  1062 | D:3      | Found a radiant altar of Vehumet.
  1276 | D:3      | Reached skill level 4 in Maces & Flails
  1606 | D:3      | Found a faded altar of an unknown god.
  1698 | D:4      | Reached XP level 4. HP: 28/44 MP: 3/3
  1796 | D:4      | Found a shadowy altar of Dithmenos.
  1845 | D:4      | Slain by an orc priest

Vault maps used:
D:1:      dpeg_arrival_court, grunt_decor_one_mirror
D:2:      roderic_digamma_sauvastika
D:3:      grunt_temple_overflow_open, first_bread,
          chequers_ecumenical_altar_simple
D:4:      st_stairs_1, grunt_dithmenos_shadows

Skill      XL: |  1  2  3 |
---------------+----------+-----
Maces & Flails | 3 4 |  4.7
Fighting       | |  2.4
Dodging        | |  2.4

Action                   |  1- 3 |  4- 6 || total
-------------------------+-------+-------++-------
Melee: Mace              |   105 |    28 ||   133
Invok: Berserk           |     1 |       ||     1
  Use: Potion            |       |     1 ||     1
 Stab: Sleeping          |     1 |       ||     1
  Eat: Chunk             |    20 |     3 ||    23
Armor: Animal skin       |    41 |     5 ||    46
Dodge: Dodged            |    62 |    13 ||    75
